 Dungeon Crawl Stone Soup version 0.28.0 (webtiles) character file.

Game seed: 12257953169475252952

5 Akaron the Chiller (level 1, -2/11 HPs)
             Began as an Octopode Ice Elementalist on Feb 16, 2022.
             Slain by a ball python (3 damage)
             ... on level 1 of the Dungeon.
             The game lasted 00:00:25 (89 turns).

Akaron the Chiller (Octopode Ice Elementalist)        Turns: 89, Time: 00:00:26

Health: -2/11      AC:  1    Str:  7    XL:     1   Next: 80%
Magic:  0/3        EV: 13    Int: 17    God:
Gold:   0          SH:  0    Dex: 12    Spells: 3/4 levels left

rFire   . . .      SeeInvis .   (no weapon)
rCold   . . .      Faith    .   (no shield)
rNeg    . . .      Spirit   .   (helmet restricted)
rPois   .          Reflect  .   (no amulet)
rElec   .          Harm     .   (no ring)
rCorr   .          Rampage  .   (no ring)
Will    .....                   (no ring)
Stlth   +++.......              (no ring)
HPRegen 0.03/turn               (no ring)
MPRegen 0.08/turn               (no ring)
                                (no ring)
                                (no ring)

@: very slightly contaminated
A: almost no armour, amphibious, 8 rings, camouflage 1, gelatinous body 1,
(nimble swimmer 1), tentacles
a: no special abilities


You were on level 1 of the Dungeon.
You visited 1 branch of the dungeon, and saw 1 of its levels.

Inventory:

Scrolls
 a - 2 scrolls of identify {unknown}


   Skills:
 + Level 2.1 Dodging
 + Level 2.7 Stealth
 + Level 2.0 Spellcasting
 + Level 4.2 Ice Magic


You had 3 spell levels left.
You knew the following spells:

 Your Spells              Type           Power      Damage    Failure   Level
a - Freeze                Ice            60%        1d8       3%          1

Your spell library contained the following spells:

 Spells                   Type           Power      Damage    Failure   Level
 Frozen Ramparts          Ice            30%        1d5       11%         3
 Ozocubu's Armour         Ice            15%        N/A       11%         3
 Hailstorm                Conj/Ice       8%         3d4       63%         4


Dungeon Overview and Level Annotations

Branches:
Dungeon (1/15)

Altars:


Innate Abilities, Weirdness & Mutations

You cannot wear most types of armour.
You are amphibious.
You can wear up to eight rings at the same time.
Your skin changes colour to match your surroundings (Stealth+).
Your rubbery body absorbs attacks. (AC +1, EV +1)
((You are camouflaged when in or above water. (Stealth+)))
You have tentacles for arms and can constrict up to eight enemies at once.


Message History

The jackal barks!
You hear an angry hiss.
A jackal comes into view.
A jackal comes into view. x2
You miss the jackal.
The jackal barks! x2
You grab the jackal. You constrict the jackal. The jackal closely misses you.
A ball python comes into view.
The jackal bites you.
Unknown command.
You freeze the jackal.
You kill the jackal!
The ball python hisses angrily.
The jackal completely misses you.
The jackal bites you but does no damage.
You see here a jackal corpse.
You miscast Freeze.
You are very lightly contaminated with residual magic.
Nothing appears to happen.
The jackal closely misses you. The jackal barely misses you.
The jackal bites you.
You freeze the jackal.
The jackal is moderately wounded.
The jackal closely misses you. The jackal bites you.
An endoplasm comes into view.
The jackal barely misses you. x2
You are too injured to fight recklessly!
You are too injured to fight recklessly!
You completely miss the jackal. Your grab misses the jackal.
You squeeze the jackal.
You kill the jackal!
The jackal bites you.
* * * LOW HITPOINT WARNING * * *
The ball python bites you.
* * * LOW HITPOINT WARNING * * *
The ball python closely misses you. The jackal misses you.
The jackal bites you but does no damage.
You completely miss the jackal. Your grab misses the jackal.
The jackal bites you.
* * * LOW HITPOINT WARNING * * *
The ball python bites you.
You die...

# ......... ..### #.
..8.⌠.8.. ##...###...
..J......
##..#..##..###.⌠._.⌠..
###..#.#..##..#........#
....#...#........8.⌠.8.#
####.....#####.S.h.....#
#...........#...@h.#
.#....<....#......##
.#.........#.....##
#.......^...#...##
####.....#####..##
....#...#........#
.....#.#.........#
##....#..........#
##.....###.....##


You could see an endoplasm, 2 jackals and a ball python.

Vanquished Creatures
  A dart slug (D:1)
  2 jackals (D:1)
3 creatures vanquished.

Notes
Turn   | Place    | Note
-------+----------+-------------------------------------------
     0 | D:1      | Akaron the Octopode Ice Elementalist began the quest for
                  | the Orb.
     0 | D:1      | Reached XP level 1. HP: 11/11 MP: 3/3
    80 | D:1      | Found a faded altar of an unknown god.
    89 | D:1      | Slain by a ball python

Illustrated notes

Levels and vault maps discovered:
D:1:      scummos_arrival_star, layout_rooms,
          hellmonk_ecumenical_altar_dog_temple, minmay_circled_x

Action                   || total
-------------------------++-------
Melee: Unarmed           ||     3
       Constrict         ||     1
       Tentacles         ||     1
 Cast: Freeze            ||     5
Armor: Skin              ||     2
Dodge: Dodged            ||     9
